 Dungeon Crawl Stone Soup version 0.19-a0-1064-geb5102e (webtiles) character file.

164 Herrn the Skirmisher (level 5, -3/52 HPs)
             Began as a Naga Wanderer on Aug 3, 2016.
             Slain by a gnoll (7 damage)
             ... on level 3 of the Dungeon.
             The game lasted 00:04:51 (2461 turns).

Herrn the Skirmisher (Naga Wanderer)                Turns: 2461, Time: 00:04:52

Health: -3/52      AC:  8    Str: 14    XL:     5   Next: 45%
Magic:  5/5        EV:  2    Int: 19    God:
Gold:   136        SH:  0    Dex: 10    Spells: 0 memorised, 4 levels left

rFire  + . .     SeeInvis +     u - +0 hand axe
rCold  + . .     Gourm    .     x - +0 plate armour
rNeg   . . .     Faith    .     (no shield)
rPois  +         Spirit   .     (no helmet)
rElec  +         Dismiss  .     (no cloak)
rCorr  +         Reflect  .     l - +0 pair of gloves
SustAt .         Harm     +     (no barding)
MR     .....                    n - amulet of harm
Stlth  ..........               (no ring)
                                (no ring)

@: brilliant, resistant, very slow
A: see invisible, deformed body, poison resistance, slowness 2, slow metabolism
1, spit poison 2, AC +1
a: Spit Poison


You were on level 3 of the Dungeon.
You were hungry.

You visited 1 branch of the dungeon, and saw 3 of its levels.

You collected 136 gold pieces.

Inventory:

Hand Weapons
 b - a +0 mace
 u - a +0 hand axe (weapon)
Armour
 c - a +0 ring mail
 f - a +0 chain mail
 l - a +0 pair of gloves (worn)
 x - a +0 plate armour (worn)
Jewellery
 n - an amulet of harm (around neck)
Wands
 a - a wand of flame (15/48)
Scrolls
 e - 3 scrolls of remove curse {unknown}
 i - a scroll of magic mapping {unknown}
 k - a scroll of recharging {unknown}
 m - 2 scrolls of enchant armour {unknown}
 o - a scroll of amnesia {unknown}
 q - 3 scrolls of identify {unknown}
 v - a scroll of enchant weapon {unknown}
Comestibles
 d - 2 bread rations
 j - a beef jerky
 r - 4 fruits
 t - a meat ration


   Skills:
 + Level 5.0 Fighting
 * Level 1.0(1.6) Axes
 - Level 2.0(2.1) Maces & Flails
   Level 1.0 Crossbows
 + Level 2.6 Armour
 * Level 1.5 Dodging
 - Level 1.5 Stealth
 - Level 1.0 Evocations


You had 4 spell levels left.
You didn't know any spells.

Dungeon Overview and Level Annotations

Branches:
Dungeon (3/15)

Altars:
Hepliaklqana


Innate Abilities, Weirdness & Mutations

You cannot wear boots.
Your serpentine skin is tough. (AC +1)
You have supernaturally acute eyesight. (SInv)
Armour fits poorly on your strangely shaped body.
Your system is resistant to poisons. (rPois)
You cover ground very slowly.
You have a slow metabolism.
You can spit poison.


Message History

You hit the gnoll.
The gnoll is lightly wounded.
The gnoll hits you but does no damage.
You closely miss the gnoll.
The gnoll is lightly wounded.
The gnoll hits you but does no damage.
Your plate armour prevents you from hitting the gnoll.
The gnoll is lightly wounded.
The gnoll hits you but does no damage.
You barely miss the gnoll.
The gnoll is lightly wounded.
You have got your breath back.
The gnoll hits you.
* * * LOW HITPOINT WARNING * * *
You closely miss the gnoll.
The gnoll is lightly wounded.
The gnoll hits you.
* * * LOW HITPOINT WARNING * * *
The gnoll hits you.
You die...

.......### #.........
#.####....# #.........
#.....g#.###.#..##.#.
#.###.g.#.g.#.........
##g#####.g.........
♣##.####†...#.††#....##(#.
♣......)###.#........##(#.
..#.###)g##.(.#......##.(.
#.#@#...#..###.##.#. #..
#.##<#.....# #.##.#. #.#
#.##.......# #.....# #.#
#.####..#......###.# #.#
#.# #.......# #. #.# #.##
##.#....# #.. #.####..##
#.#....# #. #......#.###..
...# #. #).......>........
..


You could see a gnoll.

Vanquished Creatures
  An orc priest (D:3)
  An orc wizard (D:2)
  3 gnolls (D:3)
  A worm (D:2)
  2 dart slugs
  4 giant geckos (D:1)
  3 orcs (D:3)
  5 giant cockroaches
  6 goblins
  7 hobgoblins
  7 jackals (D:3)
  6 kobolds
  5 bats
  4 giant newts
  7 rats
62 creatures vanquished.

Notes
Turn   | Place    | Note
-------+----------+-------------------------------------------
     0 | D:1      | Herrn the Naga Wanderer began the quest for the Orb.
     0 | D:1      | Herrn set off with: a wand of flame (15/48), a +0 mace, a +0 ring mail, a bread ration
     0 | D:1      | Reached XP level 1. HP: 22/22 MP: 1/1
   100 | D:1      | Reached XP level 2. HP: 17/31 MP: 2/2
   825 | D:1      | Reached XP level 3. HP: 36/37 MP: 3/3
  1381 | D:2      | Reached skill level 1 in Dodging
  1721 | D:2      | Found a hazy altar of Hepliaklqana.
  2060 | D:3      | Reached XP level 4. HP: 45/45 MP: 4/4
  2200 | D:3      | Reached skill level 5 in Fighting
  2200 | D:3      | Reached XP level 5. HP: 41/52 MP: 5/5
  2452 | D:3      | Reached skill level 1 in Axes
  2461 | D:3      | Slain by a gnoll

Vault maps used:
D:1:      saegor_arrival_simple_f
D:2:      lemuel_crystal_altar
D:3:      old_standard_altar, okawaru_metal_pillars_1_2, first_bread,
          serial_bayou_crossing

Skill      XL: |  1  2  3  4  5 |
---------------+----------------+-----
Dodging        | 1 |  1.5
Armour         | 2 |  2.6
Fighting       | 5 |  5.0
Axes           | 1 |  1.0
Maces & Flails | |  2.0
Crossbows      | |  1.0
Stealth        | |  1.5
Evocations     | |  1.0

Action                   |  1- 3 |  4- 6 || total
-------------------------+-------+-------++-------
Melee: Mace              |   130 |    13 ||   143
       Hand axe          |       |    83 ||    83
 Abil: Spit Poison       |     4 |     7 ||    11
  Use: Potion            |       |     4 ||     4
  Eat: Chunk             |     3 |     1 ||     4
Armor: Ring mail         |     9 |       ||     9
       Chain mail        |   103 |    86 ||   189
       Plate armour      |       |    38 ||    38
Dodge: Dodged            |    44 |    23 ||    67
